 Dungeon Crawl Stone Soup version 0.28.0-53-g5a82cb258f (webtiles) character file.

Game seed: 7159461445909748735

624 Sin92 the Poker (level 7, 0/55 HPs)
             Began as a Demonspawn Fighter on July 2, 2022.
             Slain by an orc wizard
             ... wielding a +0 dagger of venom
              (1 damage)
             ... on level 4 of the Dungeon.
             The game lasted 00:07:56 (2880 turns).

Sin92 the Poker (Demonspawn Fighter)                Turns: 2880, Time: 00:07:56

Health: 0/55       AC: 10    Str: 18    XL:     7   Next: 22%
Magic:  7/7        EV:  9    Int: 10    God:
Gold:   79         SH:  5    Dex: 12    Spells: 6/6 levels left

rFire   . . .      SeeInvis .   a - +0 trident (flame)
rCold   . . .      Faith    .   c - +0 buckler
rNeg    . . .      Spirit   .   b - +0 scale mail
rPois   .          Reflect  .   f - +0 helmet
rElec   .          Harm     .   (no cloak)
rCorr   .          Rampage  .   (no gloves)
Will    .....                   (no boots)
Stlth   ..........              g - amulet of regeneration
HPRegen 0.98/turn               (no ring)
MPRegen 0.10/turn               (no ring)

@: lethally poisoned (0 -> -5), flying
A: claws 2, icy blue scales 1
a: no special abilities


You were on level 4 of the Dungeon.
You visited 1 branch of the dungeon, and saw 4 of its levels.

You collected 79 gold pieces.

Inventory:

Hand Weapons
 a - a +0 trident of flaming (weapon)
Armour
 b - a +0 scale mail (worn)
 c - a +0 buckler (worn)
 f - a +0 helmet (worn)
Jewellery
 g - an amulet of regeneration (around neck)
 h - a ring of fire
Scrolls
 e - 4 scrolls of identify
 i - a scroll of teleportation
Potions
 d - 3 potions of might
 m - a potion of magic {unknown}
 n - a potion of degeneration {unknown}


   Skills:
 + Level 4.5 Fighting
 * Level 4.8 Polearms
 + Level 4.1 Armour
 + Level 4.1 Shields


You had 6 spell levels left.
You didn't know any spells.
Your spell library contained the following spells:

 Spells                   Type           Power      Damage    Failure   Level
 Static Discharge         Conj/Air       0%         N/A       92%         2
 Lightning Bolt           Conj/Air       0%         1d11      100%        5
 Maxwell's Capacitive Co  Air            0%         ∞         100%        8


Dungeon Overview and Level Annotations

Branches:
Dungeon (4/15)
 Temple: D:4-7

Altars:
Hepliaklqana
Qazlal
Ru

Shops:
D:3 [


Innate Abilities, Weirdness & Mutations

You have very sharp fingernails.
You are partially covered in icy blue scales. (AC +2)


Message History

You hit the orc. You burn the orc.
You kill the orc!
You feel very sick. The orc hits you with a +0 whip.
An orc priest comes into view.
It is wielding a +0 whip of electrocution.
You block the orc wizard's attack. The orc barely misses you.
You hit the orc. You burn the orc.
The orc is severely wounded.
You feel sick.
The orc wizard gestures wildly while chanting.
The orc wizard flickers and vanishes!
Deactivating autopickup; reactivate with Ctrl-A.
You block the orc's attack.
You barely miss the orc.
The orc is severely wounded.
You feel sick. Something hits you but does no damage.
You are more poisoned.
The orc hits you but does no damage.
You barely miss the orc.
The orc is heavily wounded.
You feel very sick. You block the orc priest's attack.
Something hits you but does no damage.
You are more poisoned.
The orc hits you but does no damage.
You hit the orc priest. You burn the orc priest.
The orc priest is moderately wounded.
You feel very sick.
The orc priest hits you but does no damage.
You are electrocuted!
* * * LOW HITPOINT WARNING * * *
Something hits you but does no damage. The orc hits you but does no damage.
It was a potion of flight.
You feel very buoyant.
You fly up into the air.
You feel very sick.
The orc priest calls down the wrath of Beogh upon you.
Beogh smites you!
* * * LOW HITPOINT WARNING * * *
Something hits you.
You die...

#...#.#
##.##.#
#.##.#####.#
#..........#
####<#####.#
#†# #.#
##.####
#..@o.#
#...{o..#
#.#.......#
#.#.....#.#
# #.....# ..
###.### ..
#.. . #..


You could see an orc priest and an orc.

Vanquished Creatures
  Grinder (D:3)
  Menkaure (D:4)
  A water moccasin (D:3)
  2 hounds (D:4)
  A hound skeleton (D:4)
  5 adders
  An adder skeleton (D:4)
  2 dart slugs (D:3)
  3 worms
  3 orcs
  4 ball pythons
  7 bats
  5 endoplasms
  5 giant cockroaches
  5 goblins
  9 hobgoblins
  5 jackals
  6 kobolds
  4 quokkas
  A rat (D:1)
71 creatures vanquished.

Notes
Turn   | Place    | Note
-------+----------+-------------------------------------------
     0 | D:1      | Sin92 the Demonspawn Fighter began the quest for the Orb.
     0 | D:1      | Reached XP level 1. HP: 18/18 MP: 1/1
   298 | D:1      | Gained mutation: You have sharp fingernails. [demonic
                  | ancestry]
   298 | D:1      | Reached XP level 2. HP: 24/24 MP: 2/2
   875 | D:2      | Reached XP level 3. HP: 29/29 MP: 3/3
  1078 | D:2      | Found a faded altar of an unknown god.
  1323 | D:2      | Reached XP level 4. HP: 35/35 MP: 4/4
  1935 | D:3      | Found a sacrificial altar of Ru.
  2042 | D:3      | Found a hazy altar of Hepliaklqana.
  2044 | D:3      | Found a stormy altar of Qazlal.
  2062 | D:3      | Noticed Grinder
  2066 | D:3      | Paralysed by Grinder for 4 turns
  2077 | D:3      | Killed Grinder
  2078 | D:3      | Gained mutation: You have very sharp fingernails. [demonic
                  | ancestry]
  2078 | D:3      | Reached XP level 5. HP: 18/42 MP: 5/5
  2078 | D:3      | Reached XP level 6. HP: 21/48 MP: 6/6
  2119 | D:3      | Found Noysahim's Armour Boutique.
  2288 | D:3      | Noticed a water moccasin
  2304 | D:3      | Killed a water moccasin
  2640 | D:4      | Noticed an orc warrior
  2767 | D:4      | Noticed Menkaure
  2775 | D:4      | Killed Menkaure
  2776 | D:4      | Gained mutation: You are partially covered in icy blue
                  | scales. (AC +2) [demonic ancestry]
  2776 | D:4      | Reached XP level 7. HP: 21/55 MP: 7/7
  2880 | D:4      | HP: 1/55 [orc priest/divine providence (9)]
  2880 | D:4      | Slain by an orc wizard

Illustrated notes

Levels and vault maps discovered:
D:1:      dpeg_arrival_houses_and_road, layout_loops_cross
D:2:      layout_loops_corners, basic_ecumenical_altar
D:3:      minmay_skewed_foursquare, layout_loops_ring,
          nicolae_overflow_hidden_temple, mainiacjoe_overflow_small_starburst,
          serial_shops, nicolae_shop_trees, nicolae_underground_beach,
          uniq_grinder
D:4:      layout_loops_ring, uniq_menkaure

Skill      XL: |  1  2  3  4  5  6 |
---------------+-------------------+-----
Polearms       | 2 4 |  4.8
Armour         | 3 4 |  4.1
Shields        | 3 4 |  4.1
Fighting       | 4 |  4.5

Action                   |  1- 3 |  4- 6 |  7- 9 || total
-------------------------+-------+-------+-------++-------
Melee: Trident           |   126 |   140 |    26 ||   292
  Use: Scroll            |     4 |     5 |       ||     9
       Potion            |       |     3 |     1 ||     4
Armor: Scale mail        |    64 |    45 |    24 ||   133
       Skin              |       |    11 |       ||    11
Dodge: Dodged            |    59 |    49 |     9 ||   117
Block: Buckler           |    31 |    19 |     7 ||    57
